 Dungeon Crawl Stone Soup version 0.31-a0-1172-g9944ec47dd (webtiles) character file.

Game seed: 7235233426506791331

100 backslashecho the Changeling (level 5, 0/32 HPs)
             Began as a Meteoran Shapeshifter on Dec 10, 2023.
             Slain by a goblin
             ... wielding a +0 club
              (5 damage)
             ... on level 3 of the Dungeon.
             The game lasted 00:04:43 (794 turns).

backslashecho the Changeling (Meteoran Shapeshifter) Turns: 794, Time: 00:04:43

Health: 0/32       AC:  0    Str: 21    XL:     5   Next: 24%
Magic:  6/6        EV: 17    Int: 11    God:
Gold:   81         SH:  0    Dex: 16    Spells: 4/4 levels left

rFire   . .          .
                       - Unarmed
rCold   . . .        (shield currently unavailable)
rNeg    . . .        j - melded +2 scale mail {Will+}
rPois   .            (no helmet)
rElec   .            (no cloak)
rCorr   .            (no gloves)
SInv    .            (no boots)
Will    .....        (no amulet)
Stlth   +            a - +6 ring of strength
HPRegen 0.25/turn    (no ring)
MPRegen 0.10/turn

%: no passive effects
@: flux-form, glowing
A: glow, contaminating, reduced hp, sense surroundings 1, otherworldly, glowing,
explore regen
a: Begin Untransformation


You were on level 3 of the Dungeon.
You were something dangerously unstable.
You visited 1 branch of the dungeon, and saw 3 of its levels.

You collected 178 gold pieces.
You spent 97 gold pieces at shops.

Inventory:

Missiles
 o - 4 poisoned darts (quivered)
Armour
 i - a +0 pair of gloves
 j - a +2 scale mail of willpower (melded)
Jewellery
 a - a +6 ring of strength (left hand)
Talismans
 c - a beast talisman
 d - a flux talisman (active)
Scrolls
 f - a scroll of identify {unknown}
 g - a scroll of noise {unknown}
 k - a scroll of blinking
Potions
 b - 3 potions of lignification
 e - a potion of attraction {unknown}
 h - a potion of heal wounds {unknown}
 l - a potion of ambrosia {unknown}
 m - 2 potions of berserk rage {unknown}
 n - a potion of curing {unknown}


   Skills:
 + Level 2.3 Fighting
 + Level 3.0 Dodging
 + Level 4.3 Unarmed Combat
 * Level 4.6 Shapeshifting


You had 4 spell levels left.
You didn't know any spells.
Your spell library contained the following spells:

 Spells                   Type           Power      Damage    Failure   Level
 Apportation              Tloc           0%         N/A       34%         1
 Freeze                   Ice            0%         1d3       34%         1
 Necrotise                Necr           0%         1d4       34%         1
 Summon Small Mammal      Summ           0%         N/A       34%         1
 Call Canine Familiar     Summ           0%         N/A       71%         3
 Frozen Ramparts          Ice            0%         1d1       71%         3
 Hailstorm                Conj/Ice       0%         3d5       71%         3
 Sigil of Binding         Hex            0%         N/A       71%         3
 Dimensional Bullseye     Hex/Tloc       0%         N/A       98%         4
 Leda's Liquefaction      Hex/Erth       0%         N/A       98%         4


Dungeon Overview and Level Annotations

Branches:
Dungeon (3/15) Zot: 1009

Altars:
Ashenzari
Ru
Zin

Shops:
D:1 ?


Innate Abilities, Weirdness & Mutations

You are something dangerously unstable.
You glow with magical radiation, making you easy to see and hit.
Foes you strike become dangerously contaminated with magical radiation.
Your maximum health is decreased, since you lack skill for your form.
You are incapable of wielding weapons or throwing items.
You passively map a small area around you.
You are easily found by Zot.
You glow in the dark.
You regain HP and MP as you explore.


Message History

You open the gate. You open the gate.
Found a sacrificial altar of Ru.
There is an open gate here.
Found a robe.
Unknown command.
Okay, then.
Unknown command.
Unknown command.
Found a gold piece.
Found 17 gold pieces.
You now have 80 gold pieces (gained 17).
You now have 81 gold pieces (gained 1).
Jessica the Apprentice Sorceress comes into view.
She is wielding a +0 dagger.
Jessica shouts!
Jessica moves out of view.
A goblin comes into view. It is wielding a +0 club.
The goblin shouts!
You hit Jessica but do no damage.
Jessica begins to glow.
Jessica completely misses you.
You barely miss Jessica.
Jessica points at you and mumbles some strange words.
Pain shoots through your body!
Ouch! That really hurt!
You take 14 damage, and have 12/26 hp.
MASSIVE DAMAGE!!
You hit Jessica but do no damage.
Jessica glows dangerously bright.
Jessica hits you with a +0 dagger.
* * * LOW HITPOINT WARNING * * *
You take 5 damage, and have 7/26 hp.
You hit Jessica but do no damage.
Jessica shudders as magic cascades through her!
You kill Jessica!
Your Dodging skill increases to level 3!
You have reached level 5!
You regained 2 hp, and now have 9/32 hp.
MP restored: 6 You barely miss the goblin.
You barely miss the goblin. The goblin hits you with a +0 club.
* * * LOW HITPOINT WARNING * * *
You take 3 damage, and have 6/32 hp.
You barely miss the goblin. The goblin hits you with a +0 club.
* * * LOW HITPOINT WARNING * * *
You take 1 damage, and have 5/32 hp.
You hit the goblin.
The goblin begins to glow.
The goblin is severely wounded.
The goblin barely misses you.
You barely miss the goblin.
The goblin is severely wounded.
The goblin hits you with a +0 club.
You die...

, * ^ ,
##...## ,,* #.
##.....## *
#..##.......##
*..#.........#
* ...........#
, *
#.........# ,
*#g.)....# *
#.p....#
#.#...##
#.#.### #.#.#
#.#.# * #.#.#
* ** #.#.#
#.#.# * #.#,**


You could see a goblin (contam).

Vanquished Creatures
  Jessica (D:3)
  4 gnolls (D:2)
  2 worms (D:2)
  A dart slug (D:1)
  An orc (D:2)
  2 bats
  2 endoplasms
  A giant cockroach (D:1)
  2 goblins
  A hobgoblin (D:1)
  A kobold (D:2)
  2 quokkas (D:2)
  5 ball pythons
  6 rats
31 creatures vanquished.

Notes
Turn   | Place    | Note
-------+----------+-------------------------------------------
     0 | D:1      | backslashecho the Meteoran Shapeshifter began the quest for
                  | the Orb.
     0 | D:1      | Reached XP level 1. HP: 16/16 MP: 2/2
   108 | D:1      | Reached XP level 2. HP: 23/23 MP: 3/3
   157 | D:1      | Found Bab Cuch's Magic Scroll Shop.
   187 | D:1      | Bought a scroll of blinking for 97 gold pieces
   291 | D:2      | Reached XP level 3. HP: 29/29 MP: 4/4
   414 | D:2      | Reached XP level 4. HP: 21/36 MP: 5/5
   644 | D:3      | Found a broken altar of Ashenzari.
   688 | D:3      | Found a glowing silver altar of Zin.
   695 | D:3      | Found a sacrificial altar of Ru.
   783 | D:3      | Noticed Jessica
   789 | D:3      | Killed Jessica
   790 | D:3      | Reached XP level 5. HP: 9/42 MP: 6/6
   794 | D:3      | Slain by a goblin

Illustrated notes

Levels and vault maps discovered:
D:1:      sevenhm_arrival_forest_fort_small_4, layout_basic, serial_shops, shop,
          minmay_ruptured
D:2:      layout_basic, minmay_misc_feat_x
D:3:      layout_loops_ring, grunt_temple_overflow_holy_war,
          mainiacjoe_overflow_big_doors, amcnicky_altar_gilded, uniq_jessica

Skill      XL: |  1  2  3  4 |
---------------+-------------+-----
Unarmed Combat | 4 |  4.3
Shapeshifting  | 4 |  4.6
Fighting       | 2 |  2.3
Dodging        | 3 |  3.0

Action                     |  1- 3 |  4- 6 || total
---------------------------+-------+-------++-------
  Melee: Unarmed           |    51 |    51 ||   102
         Punch             |     1 |       ||     1
 Armour: Animal skin       |     5 |       ||     5
         Scale mail        |    10 |       ||    10
         Skin              |     3 |    15 ||    18
  Dodge: Dodged            |    36 |    30 ||    66
   Form: Flux              |     1 |       ||     1

Table legend: (Time is in decaauts)
 A = Elapsed time spent in this place.
 B = Non-inter-level travel time spent in this place.
 C = Inter-level travel time spent in this place.
 D = Time resting spent in this place.
 E = Time spent auto-exploring this place.
 F = Levels seen in this place.
 G = Mean time per level.
                   A        B        C        D        E       F      G
               +--------+--------+--------+--------+--------+-----+--------+
         Total |    789 |    789 |      0 |     18 |    190 |   3 |  263.0 |
       Dungeon |    789 |    789 |      0 |     18 |    190 |   3 |  263.0 |
               +--------+--------+--------+--------+--------+-----+--------+

Top non-repeatable levels by time:
     D:2: 339 daAuts
     D:1: 253 daAuts
     D:3: 196 daAuts
